 Dungeon Crawl Stone Soup version 0.19.5 (webtiles) character file.

16 tidbits the Magician (level 2, 1/18 HPs)
             Began as a High Elf Wanderer on Aug 8, 2017.
             Quit the game on level 1 of the Dungeon.
             The game lasted 00:03:04 (296 turns).

tidbits the Magician (High Elf Wanderer)             Turns: 296, Time: 00:03:05

Health: 1/18       AC:  8    Str: 13      XL:     2   Next: 37%
Magic:  7/7        EV:  9    Int: 13      God:
Gold:   43         SH:  0    Dex: 13 (14) Spells: 1 memorised, 7 levels left

rFire  . . .     SeeInvis .     i - +0 short sword
rCold  . . .     Gourm    .     B - +0 scale mail
rNeg   . . .     Faith    .     (no shield)
rPois  .         Spirit   .     (no helmet)
rElec  .         Reflect  .     (no cloak)
rCorr  .         Harm     +     G - +0 pair of gloves
MR     .....                    (no boots)
Stlth  ..........               l - amulet of harm
                                (no ring)
                                (no ring)

@: no status effects
A: rugged brown scales 1, deterioration 1, subdued magic 1
a: no special abilities


You were on level 1 of the Dungeon.
You were not hungry.

You visited 1 branch of the dungeon, and saw 1 of its levels.

You collected 43 gold pieces.

Inventory:

Hand Weapons
 e - a +0 dagger
 i - a +0 short sword (weapon)
   (You found it on level 1 of the Dungeon)
Missiles
 h - 27 stones (quivered)
Armour
 d - a +0 robe
 B - a +0 scale mail (worn)
   (You found it on level 1 of the Dungeon)
 G - a +0 pair of gloves (worn)
   (You found it on level 1 of the Dungeon)
Jewellery
 l - an amulet of harm (around neck)
   (You found it on level 1 of the Dungeon)
Scrolls
 g - a scroll of blinking {unknown}
 k - a scroll of identify {unknown}
Books
 b - Konwok's Volume of Transmigration

   Spells                             Type                      Level
   a - Beastly Appendage              Transmutation                1
   b - Spider Form                    Transmutation/Poison         3
 c - the Almanac of Moulding

   Spells                             Type                      Level
   a - Beastly Appendage              Transmutation                1
   b - Ignite Poison                  Fire/Transmutation/Poison    3
Miscellaneous
 a - a fan of gales
Comestibles
 f - 2 bread rations
 j - a chunk of flesh
 m - a beef jerky


   Skills:
 + Level 1.6 Fighting
 - Level 1.2 Dodging
 - Level 1.1 Stealth
 - Level 3.6 Spellcasting
   Level 1.1 Translocations
 - Level 2.1 Transmutations
   Level 2.0 Ice Magic
 - Level 1.0 Evocations


You had 7 spell levels left.
You knew the following spells:

 Your Spells              Type           Power        Failure   Level  Hunger
e - Beastly Appendage     Tmut           #.....       41%         1    #......


Dungeon Overview and Level Annotations

Branches:
Dungeon (1/15)

Altars:


Innate Abilities, Weirdness & Mutations

You are partially covered in rugged brown scales. (AC +1, +3% HP)
Your body sometimes deteriorates upon taking damage.
Your spells are a little easier to cast, but a little less powerful.


Message History

You see here a stone.
A frilled lizard comes into view.
The frilled lizard hisses angrily.
You hit the frilled lizard.
You kill the frilled lizard!
You hit the kobold.
You kill the kobold!
You see here a short sword.
h - 27 stones (gained 1)
A rat comes into view.
You hit the rat but do no damage. The rat barely misses you.
Your scale mail prevents you from hitting the rat.
The rat barely misses you.
You barely miss the rat. The rat closely misses you.
You barely miss the rat. The rat misses you.
Your scale mail prevents you from hitting the rat.
The rat bites you but does no damage.
You hit the rat but do no damage. The rat bites you but does no damage.
You hit the rat but do no damage. The rat completely misses you.
The rat bites you but does no damage.
You closely miss the rat. The rat barely misses you.
You closely miss the rat. The rat bites you.
* * * LOW HITPOINT WARNING * * *
You closely miss the rat. The rat bites you but does no damage.
Your scale mail prevents you from hitting the rat.
The rat barely misses you.
You hit the rat.
You kill the rat!
Found a dented steel amulet.
A rat comes into view.
Found a ring mail.
You barely miss the rat. The rat bites you but does no damage.
You closely miss the rat. The rat bites you.
* * * LOW HITPOINT WARNING * * *
The rat closely misses you.
You hit the rat but do no damage. The rat bites you but does no damage.
You hit the rat.
The rat is severely wounded.
The rat completely misses you.
You hit the rat.
You kill the rat!
Found a beef jerky and 8 gold pieces.
l - a dented steel amulet Put on which piece of jewellery? (? for menu, Esc to quit)
l - an amulet of harm (around neck)
You see here a ring mail.
Found a bread ration.
m - a beef jerky You now have 43 gold pieces (gained 8).
A bat comes into view.
The bat hits you but does no damage.
You barely miss the bat. The bat hits you but does no damage.
The bat barely misses you. The bat hits you but does no damage.
You are too injured to fight recklessly!
You are too injured to fight recklessly!
You hit the bat.
You kill the bat!
A dart slug comes into view.
A kobold comes into view.
The kobold shouts!
The dart slug launches a dart at you. The slug dart hits you!
* * * LOW HITPOINT WARNING * * *
Your body deteriorates!
You feel clumsy.
Found a scale mail.
You barely miss the kobold. The kobold closely misses you.
You closely miss the kobold. The kobold closely misses you.
The kobold barely misses you.
You hit the dart slug.
The dart slug is heavily wounded.
The dart slug barely misses you. The kobold barely misses you.
You hit the dart slug.
The dart slug is severely wounded.
The dart slug bites you but does no damage.
The kobold hits you.
* * * LOW HITPOINT WARNING * * *
You hit the dart slug.
You kill the dart slug!
The kobold hits you but does no damage. The kobold hits you but does no damage.
You see here a dart slug corpse.
You closely miss the kobold. The kobold closely misses you.
You hit the kobold.
You kill the kobold!
You see here a kobold corpse.
f - 2 bread rations (gained 1)
A hobgoblin comes into view.
Found a stone staircase leading down.
You barely miss the hobgoblin. The hobgoblin hits you.
* * * LOW HITPOINT WARNING * * *
You barely miss the hobgoblin. The hobgoblin hits you.
* * * LOW HITPOINT WARNING * * *
Your scale mail prevents you from hitting the hobgoblin.
The hobgoblin closely misses you.
Your scale mail prevents you from hitting the hobgoblin.
The hobgoblin hits you but does no damage.
The hobgoblin closely misses you.
You hit the hobgoblin but do no damage. The hobgoblin barely misses you.
Are you sure you want to abandon this character and quit the game? (Confirm with "yes".)

###### ####### #....#
.......
#....############.......
................@g....>.
#..............##.......
#..............# .......
##....[........# #####.#
#.............# #
#.............#
#.............#
#...........††#
#...###.#####.....#


You could see a hobgoblin.

Vanquished Creatures
  A dart slug (D:1)
  A leopard gecko (D:1)
  3 goblins (D:1)
  A hobgoblin (D:1)
  A bat (D:1)
  3 frilled lizards (D:1)
  2 kobolds (D:1)
  2 rats (D:1)
14 creatures vanquished.

Notes
Turn   | Place    | Note
-------+----------+-------------------------------------------
     0 | D:1      | tidbits the High Elf Wanderer began the quest for the Orb.
     0 | D:1      | tidbits set off with: a fan of gales, Konwok's Volume of Transmigration, the Almanac of Moulding, a +0 robe, a +0 dagger, a bread ration
     0 | D:1      | Reached XP level 1. HP: 11/11 MP: 6/6
     0 | D:1      | Identified Konwok's Volume of Transmigration
     0 | D:1      | Identified the Almanac of Moulding
     2 | D:1      | Learned a level 1 spell: Beastly Appendage
    89 | D:1      | Reached skill level 1 in Dodging
   138 | D:1      | Gained mutation: You are partially covered in rugged brown scales. (AC +1, +3% HP) [potion of mutation]
   138 | D:1      | Gained mutation: Your body sometimes deteriorates upon taking damage. [potion of mutation]
   138 | D:1      | Gained mutation: Your spells are a little easier to cast, but a little less powerful. [potion of mutation]
   140 | D:1      | Reached skill level 1 in Fighting
   142 | D:1      | Reached XP level 2. HP: 5/18 MP: 7/7
   292 | D:1      | HP: 1/18 [hobgoblin (4)]
   296 | D:1      | Quit the game

Skill      XL: |  1 |
---------------+----+-----
Dodging        | 1 |  1.2
Fighting       | 1 |  1.6
Stealth        | |  1.1
Spellcasting   | |  3.6
Translocations | |  1.1
Transmutations | |  2.1
Ice Magic      | |  2.0
Evocations     | |  1.0

Action                   || total
-------------------------++-------
Melee: Short sword       ||    60
  Use: Potion            ||     1
Armor: Robe              ||     2
       Scale mail        ||    14
Dodge: Dodged            ||    36

Table legend:
 A = Turns spent in this place as a percentage of turns spent in the entire game.
 B = Non-inter-level travel turns spent in this place as a percentage of non-inter-level travel turns spent in the entire game.
 C = Inter-level travel turns spent in this place as a percentage of turns spent in this place.
 D = Turns resting spent in this place as a percentage of non-inter-level travel turns spent in this place.
 E = Turns spent auto-exploring this place as a percentage of non-inter-level travel turns spent in this place.
 F = Non-inter-level travel turns spent in this place divided by the number of levels of this place that you've seen.
                   A       B       C       D       E      F
               +-------+-------+-------+-------+-------+----------------------
         Total | 100.0 | 100.0 |   0.0 |   0.0 |   0.0 | 295.0
       Dungeon | 100.0 | 100.0 |   0.0 |   0.0 |   0.0 | 295.0
               +-------+-------+-------+-------+-------+----------------------

Table legend:
 A = Kills in this place as a percentage of kills in entire the game.
 B = Kills by you in this place as a percentage of kills by you in the entire game.
 C = Kills by friends in this place as a percentage of kills by friends in the entire game.
 D = Other kills in this place as a percentage of other kills in the entire game.
 E = Experience gained in this place as a percentage of experience gained in the entire game.
 F = Experience gained in this place divided by the number of levels of this place that you have seen.
                   A       B       C       D       E      F
               +-------+-------+-------+-------+-------+----------------------
         Total | 100.0 | 100.0 |  -nan |  -nan | 100.0 |  23.0
       Dungeon | 100.0 | 100.0 |  -nan |  -nan | 100.0 |  23.0
               +-------+-------+-------+-------+-------+----------------------

Vault maps used:
D:1:      evilmike_arrival_rings
